AoeStats
← Adiel

African Clearing

510466603Analyzed
2v2 RM · 21h ago on Oct 1, 2026· 52m 32s· 4 players
Game mode
Random Map
Map size
Medium (4 player)
Population
200
Speed
Normal
Resources
Standard
Victory
Conquest
Starting age
Dark Age
Ending age
Imperial Age
RankedLock teamsTeams togetherTeam positionsShared explorationLock speedFull tech treeHidden civsTurbo modeCheats
Victory
Defeat
🇨🇦 Mongols · Canada
1059
+18
🇨🇦 Huns · Canada
1052
+18
🇬🇹 Saracens · Guatemala
1125
-19
🇬🇹 Magyars · Guatemala
1079
-17
Levi
11:12 Loom
13:08 Feudal Age
13:58 Double-Bit Axe
17:56 Castle Age
15:58 Horse Collar
19:18 Wheelbarrow
19:07 Bow Saw
19:01 Gold Mining
20:55 Bow Saw
22:43 Heavy Plow
24:42 Bloodlines
25:12 Scale Barding Armor
25:34 Husbandry
26:16 Forging
26:45 Stone Mining
27:52 Chain Barding Armor
28:47 Iron Casting
30:10 Town Watch
37:22 Imperial Age
34:45 Light Cavalry
35:48 Fletching
36:59 Hand Cart
37:34 Elite Tarkan
39:31 Plate Barding Armor
40:39 Blast Furnace
40:03 Conscription
40:33 Marauders
42:11 Ballistics
41:48 Murder Holes
43:08 Cavalier
46:15 Gold Shaft Mining
46:45 Two-Man Saw
45:27 Paladin
46:40 Padded Archer Armor
46:36 Bodkin Arrow
47:46 Chemistry
48:01 Town Patrol
48:40 Bracer
50:07 Masonry
51:58 Leather Archer Armor
KickAssKenny
10:56 Loom
13:14 Loom
15:37 Feudal Age
22:33 Castle Age
28:00 Double-Bit Axe
30:10 Fletching
31:14 Padded Archer Armor
37:41 Ballistics
38:15 Wheelbarrow
37:44 Husbandry
37:55 Bloodlines
40:32 Bodkin Arrow
41:38 Hand Cart
41:18 Horse Collar
50:41 Imperial Age
49:40 Leather Archer Armor
51:27 Elite Mangudai
Jaffeth15
10:31 Loom
13:05 Feudal Age
13:37 Town Watch
23:36 Castle Age
22:55 Scale Barding Armor
22:44 Double-Bit Axe
24:48 Light Cavalry
28:16 Horse Collar
29:09 Gold Mining
31:09 Husbandry
32:30 Heavy Plow
33:07 Bloodlines
33:07 Fletching
36:43 Chain Barding Armor
40:30 Imperial Age
39:48 Gold Shaft Mining
39:26 Town Patrol
41:03 Cavalier
42:36 Wheelbarrow
44:15 Bodkin Arrow
45:07 Conscription
46:34 Stone Mining
49:38 Hussar
Adiel
11:53 Feudal Age
12:52 Loom
12:56 Town Watch
13:06 Double-Bit Axe
18:14 Forging
18:06 Fletching
19:28 Wheelbarrow
19:42 Gold Mining
25:24 Castle Age
23:49 Padded Archer Armor
25:27 Crossbowman
26:03 Horse Collar
27:27 Bodkin Arrow
28:39 Bow Saw
32:25 Gold Shaft Mining
33:52 Leather Archer Armor
34:13 Heavy Plow
36:27 Hand Cart
37:21 Ballistics
37:24 Town Patrol
38:25 Murder Holes
43:15 Imperial Age
41:12 Stone Mining
42:38 Bimaristan
44:03 Thumb Ring
45:31 Chemistry
45:05 Redemption
44:38 Arbalester
45:37 Bracer
46:08 Ring Archer Armor
52:24 Counterweights
Connection lost

Rejoining the realm…

Still unreachable

The connection could not be restored.

Session expired

The server has moved on; the page needs a fresh start.